 Dungeon Crawl Stone Soup version 0.31-a0-214-gb37851dbb3 (webtiles) character file.

Game seed: 7057965095537840285

1654 qw the Blocker (level 9, -10/52 HPs)
             Began as a Gargoyle Fighter on July 1, 2023.
             Mangled by a shadow (27 damage)
             ... on level 7 of the Dungeon.
             The game lasted 00:02:35 (5616 turns).

qw the Blocker (Gargoyle Fighter)                   Turns: 5616, Time: 00:02:36

Health: -10/52     AC: 21    Str: 24    XL:     9   Next: 0%
Magic:  9/9        EV:  7    Int:  9    God:
Gold:   319        SH: 14    Dex:  9    Spells: 8/8 levels left

rFire   . . .        Y - +0 war axe (freeze)
rCold   . . .        g - +0 tower shield {AC+3}
rNeg    + . .        j - +0 chain mail
rPois   inf          o - +0 helmet
rElec   +            (no cloak)
rCorr   +            (no gloves)
SInv    .            n - +1 pair of boots
Will    .....        (no amulet) Stlth
                     b - ring of resist corrosion
HPRegen 0.28/turn    (no ring)
MPRegen 0.11/turn

%: no passive effects
@: no status effects
A: sickness immunity, AC +6, negative energy resistance 1, electricity
resistance, torment resistance 1, petrification resistance
a: no special abilities


You were on level 7 of the Dungeon.
You visited 1 branch of the dungeon, and saw 7 of its levels.

You collected 319 gold pieces.


Innate Abilities, Weirdness & Mutations

You are immune to sickness and miasma.
Your stone body is resilient. (AC +6)
You are immune to poison.
You resist negative energy. (rN+)
You are resistant to electric shocks. (rElec)
You are resistant to unholy torment.
You are immune to petrification.


   Skills:
 - Level 4.4 Fighting
 - Level 6.1 Axes
 - Level 1.0 Throwing
 - Level 3.2 Armour
 - Level 1.8 Dodging
 + Level 9.4 Shields


You had 8 spell levels left.
You didn't know any spells.
Your spell library was empty.

Inventory:

Hand Weapons
 h - a +0 flail of protection
 Y - a +0 war axe of freezing (weapon)
Armour
 g - a +0 tower shield of protection (worn)
 j - a +0 chain mail (worn)
 n - a +1 pair of boots (worn)
 o - a +0 helmet (worn)
Jewellery
 b - a ring of resist corrosion (left hand)
 k - a ring of resist corrosion
Scrolls
 e - a scroll of identify
Potions
 a - a potion of magic
 d - 3 potions of might
 f - a potion of mutation
 i - a potion of attraction
 l - 2 potions of curing {unknown}
 q - a potion of lignification
 r - a potion of cancellation {unknown}

Dungeon Overview and Level Annotations

Branches:
Dungeon (7/15)
 Temple: D:4-7

Altars:
Dithmenos
Kikubaaqudgha
Makhleb
Wu Jian
Xom
Zin

Annotations:
D:6 1 runed translucent door, exclusion: 3 sleepcaps, Crazy Yiuf


Message History

You closely miss something.
The shadow strikes at you from the darkness!
Reactivating autopickup.
The shadow hits you.
You barely miss the shadow.
The shadow is moderately damaged.
The shadow hits you.
You barely miss the shadow.
The shadow is moderately damaged.
You block the shadow's attack. x2
You hit the shadow.
The shadow is heavily damaged.
The shadow barely misses you.
You hit the shadow but do no damage.
The shadow is heavily damaged.
You block the shadow's attack.
You hit the shadow.
The shadow is heavily damaged.
You block the shadow's attack. x2
You hit the shadow.
The shadow is severely damaged.
The shadow hits you.
You hit the shadow but do no damage.
The shadow is heavily damaged.
You block the shadow's attack.
The shadow slips into darkness.
The shadow flickers and vanishes!
Deactivating autopickup; reactivate with Ctrl-A.
You closely miss something.
The shadow strikes at you from the darkness!
Reactivating autopickup.
You hit the shadow.
The shadow is severely damaged.
The shadow slips into darkness.
The shadow flickers and vanishes!
Deactivating autopickup; reactivate with Ctrl-A.
You hit something but do no damage.
The shadow strikes at you from the darkness!
Ouch! That really hurt!
You die...

##.. ...
######.######
............#
#.#))###.#
#.#./###.##
#....##...###
###)#.......##
#<.........@.#
#..####^####{#
#..# ..... .#
#..#.....). .#
#..#.......#.#
#..^..._...^.#
#..#.......#.#
>..# ..


There were no monsters in sight!

Vanquished Creatures
  A sky beast (D:7)
  A black bear (D:5)
  2 ogres
  A centaur (D:6)
  2 phantoms (D:4)
  A kobold brigand (D:4)
  4 scorpions
  3 wights (D:7)
  4 hounds
  2 jellies
  An orc priest (D:5)
  3 iguanas
  A sleepcap (D:6)
  2 orc wizards (D:5)
  4 gnolls (D:2)
  11 adders
  A shadow imp (D:6)
  2 ufetubi
  2 worms
  5 dart slugs
  7 orcs
  2 bats
  8 endoplasms
  4 giant cockroaches
  4 goblins
  9 hobgoblins
  5 jackals
  9 kobolds
  A quokka (D:5)
  4 ball pythons
  3 frilled lizards
  5 rats
114 creatures vanquished.

Vanquished Creatures (others)
  A human (D:3)
1 creature vanquished.

Grand Total: 115 creatures vanquished

Notes
Turn   | Place    | Note
-------+----------+-------------------------------------------
     0 | D:1      | qw the Gargoyle Fighter began the quest for the Orb.
     0 | D:1      | Reached XP level 1. HP: 14/14 MP: 1/1
     0 | D:1      | 0 ||| qw: Version: 0.3-a-32-g5962c71
     0 | D:1      | 0 ||| qw: Game counter: 7519
     0 | D:1      | 0 ||| qw: Melee chars always use a shield: true
     0 | D:1      | 0 ||| qw: God list: Okawaru
     0 | D:1      | 0 ||| qw: Allow faded altars: false
     0 | D:1      | 0 ||| qw: Do Orc after clearing Dungeon:15 true
     0 | D:1      | 0 ||| qw: Do second Lair branch before Depths: true
     0 | D:1      | 0 ||| qw: Lair rune preference: random
     0 | D:1      | 0 ||| qw: Goals: Normal, Zot:1-4, Slime:5, God:TSO, Crypt,
                  | Tomb, Abyss, Pan, Hells, Win
     0 | D:1      | 0 ||| PLANNING D:1-11
   128 | D:1      | 128 ||| Stepping ~*~*~tactically~*~*~ (stealth).
   179 | D:1      | Reached XP level 2. HP: 19/19 MP: 2/2
   499 | D:1      | Reached skill level 3 in Axes
   518 | D:1      | 518 ||| DROPPING +0 whip.
   527 | D:1      | Reached XP level 3. HP: 23/23 MP: 3/3
   856 | D:1      | 856 ||| DROPPING orb of energy.
   857 | D:1      | 857 ||| READING scroll labelled HYUSMO FYMYNT.
   858 | D:1      | 858 ||| READING scroll labelled PULOAQEONE.
   859 | D:1      | 859 ||| READING scroll labelled POIREO UKAREI.
   860 | D:1      | 860 ||| READING scroll labelled WICZER IPUT.
   861 | D:1      | 861 ||| READING scroll labelled QASOCYGO WIABA.
  1263 | D:2      | Identified the +1 ring mail of Unbearable Mirth {rElec
                  | Will+}
  1301 | D:2      | Reached XP level 4. HP: 22/28 MP: 4/4
  1801 | D:2      | 1801 ||| UPGRADING to +1 ring mail of Unbearable Mirth
                  | {rElec Will+}.
  1811 | D:2      | 1811 ||| DROPPING ring of flight.
  1812 | D:2      | 1812 ||| READING scroll labelled VUFIAPS IQEAPH.
  1812 | D:2      | Identified a scroll of acquirement
  1812 | D:2      | 1812 ||| ACQUIRING +0 tower shield of protection
  1812 | D:2      | Acquired a +0 tower shield of protection
  1814 | D:2      | 1814 ||| UPGRADING to +0 tower shield of protection.
  1824 | D:2      | 1824 ||| DROPPING +0 buckler.
  1903 | D:3      | 1903 ||| DROPPING +0 mace.
  1906 | D:3      | 1906 ||| Stepping ~*~*~tactically~*~*~ (hiding).
  1907 | D:3      | 1907 ||| Stepping ~*~*~tactically~*~*~ (hiding).
  1916 | D:3      | Reached XP level 5. HP: 32/32 MP: 5/5
  2361 | D:3      | Found an ancient bone altar of Kikubaaqudgha.
  2362 | D:3      | Noticed a human
  2365 | D:3      | Killed a human
  2394 | D:3      | 2394 ||| Stepping ~*~*~tactically~*~*~ (stealth).
  2395 | D:3      | 2395 ||| Stepping ~*~*~tactically~*~*~ (stealth).
  2655 | D:3      | 2655 ||| UPGRADING to +1 pair of boots.
  2660 | D:3      | 2660 ||| UPGRADING to +0 helmet.
  2665 | D:3      | 2665 ||| READING scroll labelled AGOSAF LOLOCE.
  2666 | D:3      | 2666 ||| READING 2 scrolls labelled SAOCHURPHEMN.
  2669 | D:3      | 2669 ||| READING scroll labelled VUGUENKESMEO.
  2670 | D:3      | 2670 ||| READING 3 scrolls labelled GILAME HUSOLOPH.
  2693 | D:3      | 2693 ||| READING 2 scrolls of identify.
  2693 | D:3      | 2693 ||| IDENTIFYING sapphire potion
  2694 | D:3      | 2694 ||| DROPPING 2 scrolls of torment.
  2730 | D:4      | 2730 ||| Stepping ~*~*~tactically~*~*~ (stealth).
  2765 | D:4      | Noticed a phantom
  2767 | D:4      | Noticed a phantom
  2772 | D:4      | Reached skill level 4 in Shields
  2785 | D:4      | Killed a phantom
  2785 | D:4      | Killed a phantom
  2786 | D:4      | Reached skill level 5 in Shields
  2786 | D:4      | Reached XP level 6. HP: 29/37 MP: 6/6
  2947 | D:4      | Found a shimmering altar of Xom.
  3138 | D:4      | Reached skill level 6 in Shields
  3275 | D:4      | 3275 ||| Stepping ~*~*~tactically~*~*~ (stealth).
  3393 | D:4      | 3393 ||| DROPPING +0 scale mail.
  3394 | D:4      | 3394 ||| UPGRADING to +0 chain mail.
  3404 | D:4      | 3404 ||| DROPPING +1 ring mail of Unbearable Mirth {rElec
                  | Will+}.
  3405 | D:4      | 3405 ||| READING scroll labelled BYOFUCVEAWE.
  3506 | D:4      | 3506 ||| READING 5 scrolls of identify.
  3506 | D:4      | 3506 ||| IDENTIFYING green potion
  3507 | D:4      | 3507 ||| READING 4 scrolls of identify.
  3507 | D:4      | 3507 ||| IDENTIFYING pink potion
  3508 | D:4      | 3508 ||| READING 3 scrolls of identify.
  3508 | D:4      | 3508 ||| IDENTIFYING ruby potion
  3509 | D:4      | 3509 ||| READING 2 scrolls of identify.
  3509 | D:4      | 3509 ||| IDENTIFYING metallic black potion
  3510 | D:4      | 3510 ||| DROPPING potion of degeneration.
  3524 | D:5      | Entered Level 5 of the Dungeon
  3543 | D:5      | Reached XP level 7. HP: 32/41 MP: 7/7
  3587 | D:5      | Found a burning altar of Makhleb.
  3598 | D:5      | 3598 ||| Stepping ~*~*~tactically~*~*~ (hiding).
  3609 | D:5      | Reached skill level 1 in Throwing
  3634 | D:5      | Reached skill level 7 in Shields
  3668 | D:5      | 3668 ||| Stepping ~*~*~tactically~*~*~ (hiding).
  3670 | D:5      | 3670 ||| Stepping ~*~*~tactically~*~*~ (hiding).
  3807 | D:5      | Reached skill level 8 in Shields
  3884 | D:5      | 3884 ||| DROPPING +0 flail.
  4049 | D:5      | Reached XP level 8. HP: 23/46 MP: 8/8
  4266 | D:5      | 4266 ||| UPGRADING to ring of resist corrosion.
  4267 | D:5      | 4267 ||| DRINKING 2 bubbling amethyst potions.
  4268 | D:5      | 4268 ||| DROPPING potion of brilliance.
  4301 | D:6      | 4301 ||| Stepping ~*~*~tactically~*~*~ (hiding).
  4302 | D:6      | 4302 ||| Stepping ~*~*~tactically~*~*~ (hiding).
  4315 | D:6      | HP: 8/46 [ogre/+0 giant club (26)]
  4316 | D:6      | 4316 ||| READING 2 scrolls of teleportation.
  4319 | D:6      | 4319 ||| READING scroll of teleportation.
  4546 | D:6      | Found a glowing silver altar of Zin.
  4546 | D:6      | Noticed an angel
  4575 | D:6      | Reached skill level 9 in Shields
  4622 | D:6      | 4622 ||| Stepping ~*~*~tactically~*~*~ (stealth).
  4625 | D:6      | 4625 ||| Stepping ~*~*~tactically~*~*~ (hiding).
  4658 | D:6      | Found an ornate altar of the Wu Jian Council.
  4799 | D:6      | Found a runed translucent door.
  4800 | D:6      | Noticed Crazy Yiuf
  4924 | D:6      | 4924 ||| READING scroll labelled TUCODY FOLEUW.
  5012 | D:6      | 5012 ||| Stepping ~*~*~tactically~*~*~ (hiding).
  5013 | D:6      | 5013 ||| Stepping ~*~*~tactically~*~*~ (hiding).
  5445 | D:7      | Reached skill level 6 in Axes
  5557 | D:7      | Reached skill level 1 in Dodging
  5557 | D:7      | Reached XP level 9. HP: 46/52 MP: 9/9
  5580 | D:7      | Found a shadowy altar of Dithmenos.
  5616 | D:7      | Mangled by a shadow

Levels and vault maps discovered:
D:1:      dpeg_arrival_long_road, layout_loops_corners
D:2:      layout_loops_corners
D:3:      layout_basic, tgw_kikubaaqudgha, minmay_misc_feat_nine_boxes
D:4:      layout_loops_cross, mainiacjoe_overflow_cross_hatched,
          wad_floor_pattern_2, amcnicky_mini_corridor_feature
D:5:      layout_rooms, bloody_makhleb, kennysheep_cluttered_room
D:6:      layout_loops_cross, mainiacjoe_overflow_brackets, zin_angel,
          uniq_crazy_yiuf_cottage
D:7:      layout_basic, lemuel_tele_altar, overflow_temple_1_default,
          slow_altar_1, minmay_temple_entry_offerings

Skill      XL: |  1  2  3  4  5  6  7  8 |
---------------+-------------------------+-----
Axes           | 2 3 4 5 6 |  6.1
Shields        | 5 6 8 9 |  9.4
Throwing       | 1 |  1.0
Fighting       | 4 |  4.4
Dodging        | 1 |  1.8
Armour         | |  3.2

Action                     |  1- 3 |  4- 6 |  7- 9 || total
---------------------------+-------+-------+-------++-------
  Melee: War axe           |    67 |   116 |   212 ||   395
  Throw: Javelin           |       |    23 |    21 ||    44
         Boomerang         |       |       |     4 ||     4
    Use: Scroll            |     5 |    11 |     3 ||    19
         Potion            |       |       |     1 ||     1
 Armour: Scale mail        |    37 |    10 |       ||    47
         Ring mail         |       |    48 |       ||    48
         Chain mail        |       |       |   128 ||   128
  Dodge: Dodged            |    27 |    38 |    51 ||   116
  Block: Buckler           |    13 |     6 |       ||    19
         Tower shield      |       |    59 |   190 ||   249

Table legend:
 A = Non-vault XP
 B = Vault XP
 C = Vault XP percentage of total XP
 D = Non-vault monster count
 E = Vault monster count
 F = Vault count percentage of total count
                 A         B        C        D         E       F
            +---------+---------+-------+---------+---------+-------
      Total |    2363 |       0 |   0.0 |     114 |       0 |   0.0
            +---------+---------+-------+---------+---------+-------
        D:1 |      45 |       0 |   0.0 |      21 |       0 |   0.0
        D:2 |     116 |       0 |   0.0 |      22 |       0 |   0.0
        D:3 |      23 |       0 |   0.0 |      11 |       0 |   0.0
        D:4 |     377 |       0 |   0.0 |      22 |       0 |   0.0
        D:5 |     654 |       0 |   0.0 |      16 |       0 |   0.0
        D:6 |     759 |       0 |   0.0 |      17 |       0 |   0.0
        D:7 |     389 |       0 |   0.0 |       5 |       0 |   0.0
            +---------+---------+-------+---------+---------+-------
